Map: Abyssal Reef LE

Players

Ziggy

  • Race: Terran Terran
  • Spawn Location: 5:00

Kelazhur - Winner!

  • Race: Terran Terran
  • Spawn Location: 11:00

Event: WCS Montreal 2017

VOD

Have the link to the VOD?

Description

Time

  • Played on: Sept. 8, 2017, 6:11 p.m.
  • Length: 10:27

All games in this series

Show
View Real Time Build Order
Export as new Build Order

Ziggy Terran 

Build Orders: Banshee Rush 

Get SALT Encoding   

  12  0:00  SCV  
  13  0:12  SCV  
  14  0:18  Supply Depot  
  14  0:25  SCV  
  15  0:32  Refinery  
  15  0:45  Barracks  
  15  1:00  Barracks  
  15  1:05  SCV  
  16  1:18  SCV  
  17  1:19  Refinery  
  17  1:30  SCV  
  18  1:33  Reaper  
  19  1:47  Reaper  
  19  1:51  Orbital Command  
  20  2:05  Reaper  
  21  2:13  Factory  
  21  2:19  Reaper  
  22  2:29  Supply Depot  
  22  2:38  Reaper  
  22  2:51  Reaper  
  25  2:59  Starport  
  25  3:00  SCV  
  25  3:05  Supply Depot  
  24  3:10  Reaper  
  24  3:12  SCV  
  26  3:20  Cyclone  
  26  3:24  SCV  
  30  3:36  SCV  
  30  3:39  Starport Tech Lab  
  31  3:48  SCV  
  32  3:58  Command Center  
  32  3:59  Cloaking Field  
  32  4:04  SCV  
  33  4:15  Viking  
  35  4:19  Engineering Bay  
  35  4:22  SCV  
  36  4:28  Cyclone  
  39  4:35  SCV  
  38  4:50  Missile Turret  
  38  4:53  Supply Depot  
  35  5:14  Cyclone  
  35  5:15  Banshee  
  35  5:17  SCV  
  36  5:29  SCV  
  37  5:41  SCV  
  38  5:46  Cyclone  
  38  5:49  Orbital Command  
  41  5:53  SCV  
  42  6:00  Raven  
  42  6:06  SCV  
  42  6:08  Orbital Command  
  42  6:18  SCV  
  43  6:24  Cyclone  
  46  6:29  Missile Turret  
  46  6:30  SCV, Refinery  
  46  6:35  SCV  
  47  6:42  SCV  
  47  6:46  Banshee  
  51  6:47  SCV  
  52  6:54  SCV  
  52  6:59  SCV  
  54  7:11  SCV  
  52  7:19  Cyclone  
  52  7:22  SCV  
  56  7:28  SCV  
  57  7:34  Command Center  
  57  7:42  SCV  
  58  7:46  Raven  
  58  7:50  SCV  
  61  7:52  Barracks  
  61  7:53  Barracks Tech Lab  
  61  7:54  Barracks, SCV  
  59  8:02  SCV  
  59  8:03  Refinery  
  60  8:07  SCV, Terran Infantry Weapons Level 1  
  60  8:08  Supply Depot  
  61  8:13  Marine  
  61  8:14  Stimpack  
  62  8:22  SCV x2  
  61  8:27  Supply Depot  
  61  8:33  Marine  
  61  8:34  SCV  
  63  8:36  Starport Reactor  
  63  8:40  Barracks, Siege Tank  
  63  8:41  Barracks  
  66  8:43  Barracks Reactor x2  
  66  8:45  SCV  
  66  8:46  SCV  
  68  8:50  Marine  
  69  8:57  SCV  
  69  8:58  SCV  
  71  9:03  Supply Depot  
  71  9:08  Marine  
  71  9:09  SCV  
  71  9:10  Orbital Command, SCV  
  72  9:19  Siege Tank  
  72  9:21  Marine, SCV  
  72  9:22  Marine x3, SCV  
  79  9:26  Marine  
  78  9:32  Medivac x2  
  78  9:33  SCV  
  78  9:35  Marine  
  78  9:36  Marine  
  84  9:39  Marine x3  
  84  9:40  Marine, SCV x2  
  84  9:44  Marine  
  90  9:45  SCV  
  91  9:53  Marine x2  
  91  9:55  SCV x2  
  98  10:02  Marine  
Show
View Real Time Build Order
Export as new Build Order

Kelazhur Terran - Winner!

Build Orders: 1/1/1, Cyclone Opening, MMM Bio 

Get SALT Encoding   

  12  0:00  SCV  
  13  0:12  SCV  
  14  0:17  Supply Depot  
  14  0:24  SCV  
  14  0:27  Refinery  
  15  0:38  SCV  
  16  0:44  Barracks  
  16  0:50  SCV  
  16  0:55  Refinery  
  17  1:02  SCV  
  18  1:15  SCV  
  19  1:31  Orbital Command  
  19  1:32  Reaper  
  20  1:34  Factory  
  20  1:47  Supply Depot  
  20  1:57  SCV  
  21  2:04  Reaper  
  22  2:09  SCV  
  23  2:19  Cyclone  
  23  2:20  Starport  
  26  2:23  SCV  
  27  2:33  Supply Depot  
  25  2:43  SCV  
  25  2:55  SCV  
  26  3:01  Cyclone, Barracks Tech Lab  
  29  3:07  SCV  
  30  3:19  SCV  
  31  3:23  Banshee  
  34  3:35  Cloaking Field  
  34  3:38  SCV  
  35  3:41  Supply Depot  
  35  3:49  Command Center  
  35  3:51  SCV  
  36  3:58  Cyclone  
  39  4:16  Banshee  
  41  4:25  Supply Depot, SCV  
  41  4:27  Marine  
  43  4:34  Cyclone  
  43  4:38  SCV  
  44  4:50  SCV  
  45  4:58  Command Center  
  45  5:02  SCV  
  45  5:05  Orbital Command  
  43  5:09  Barracks Reactor  
  43  5:14  SCV  
  43  5:17  Factory Tech Lab  
  44  5:22  Raven  
  44  5:25  Orbital Command  
  44  5:27  SCV  
  44  5:47  Marine x2, SCV  
  46  5:51  Siege Tank  
  46  5:55  SCV  
  50  6:09  SCV  
  50  6:10  SCV  
  54  6:15  Refinery  
  54  6:17  Refinery  
  52  6:20  Barracks  
  52  6:21  Starport Reactor  
  52  6:22  Barracks  
  52  6:24  SCV x2  
  54  6:30  Siege Tank  
  57  6:35  Orbital Command  
  57  6:36  SCV  
  58  6:40  SCV  
  58  6:43  Marine  
  58  6:46  Stimpack  
  57  6:48  SCV  
  57  6:53  SCV  
  57  6:56  Engineering Bay  
  57  7:00  SCV  
  57  7:01  Marine  
  54  7:05  SCV x2  
  56  7:11  Viking  
  56  7:12  Viking, Marine x2, SCV  
  56  7:13  Marine  
  61  7:17  SCV  
  61  7:18  SCV  
  61  7:19  Marine  
  61  7:25  SCV  
  61  7:29  SCV  
  59  7:30  SCV  
  59  7:31  Marine x3  
  59  7:37  Marine, SCV  
  64  7:41  SCV  
  64  7:42  SCV  
  64  7:49  Marine x2, SCV  
  68  7:53  SCV  
  68  7:54  Marine, SCV  
  68  7:56  Terran Infantry Weapons Level 1  
  71  7:59  Barracks Tech Lab  
  71  8:01  Viking x2  
  71  8:02  SCV  
  71  8:05  SCV  
  76  8:06  Marine  
  76  8:07  Marine  
  76  8:08  SCV  
  79  8:14  SCV  
  79  8:17  Siege Tank, SCV  
  79  8:18  Orbital Command  
  83  8:23  Marauder  
  85  8:27  SCV  
  85  8:30  Supply Depot  
  85  8:40  Missile Turret  
  85  8:41  Missile Turret  
  85  8:48  Combat Shields  
  85  8:51  Viking x2  
  85  8:52  Siege Tank, SCV  
  85  8:54  Supply Depot  
  93  9:00  Supply Depot  
  93  9:02  Supply Depot, Marine x2  
  93  9:03  SCV x2, Marauder  
  93  9:04  SCV  
  93  9:09  Marauder  
  99  9:19  SCV  
  99  9:24  Siege Tank, SCV  
  104  9:31  Marauder  
  103  9:32  SCV  
  104  9:39  Marine x2  
  104  9:40  Marauder  
  104  9:42  SCV x2  
  104  9:43  Barracks x2  
  104  9:44  SCV  
  104  9:45  Refinery  
  111  9:50  Armory  
  111  9:51  Engineering Bay  
  111  9:55  SCV  
  113  10:00  SCV  
  113  10:03  SCV  
  111  10:10  SCV  
Tags
 
Add a new tag
Caveats
  • Supply blocks, unpowered buildings, or Contaminate may cause inaccurate times.
  • Supply counts are checked every 10 seconds.